AoeStats
← 13URNS

African Clearing

510736738Analyzed
3v3 RM · 1d ago on Oct 2, 2026· 36m 58s· 6 players
Game mode
Random Map
Map size
Normal (6 player)
Population
200
Speed
Normal
Resources
Standard
Victory
Conquest
Starting age
Dark Age
Ending age
Imperial Age
RankedLock teamsTeams togetherTeam positionsShared explorationLock speedFull tech treeHidden civsTurbo modeCheats
Victory
Defeat
🇳🇴 Aztecs · Norway
1191
+14
🇦🇺 Franks · Australia
1160
+15
🇨🇭 Vietnamese · Switzerland
1152
+16
🇩🇪 Mongols · Germany
1314
-21
🇸🇦 Burgundians · Saudi Arabia
1134
-15
🇺🇸 Persians · United States
988
-9
13URNS
14:40 Feudal Age
14:43 Man-at-Arms
26:57 Castle Age
25:12 Double-Bit Axe
29:30 Wheelbarrow
34:27 Bow Saw
35:22 Forging
Gin
7:29 Loom
12:48 Feudal Age
16:54 Castle Age
15:11 Scale Mail Armor
15:30 Double-Bit Axe
18:45 Bow Saw
20:42 Wheelbarrow
24:59 Squires
25:18 Hand Cart
25:22 Horse Collar
25:39 Gold Mining
28:11 Scale Mail Armor
28:22 Forging
27:34 Eagle Warrior
29:20 Heavy Plow
31:56 Imperial Age
31:15 Atlatl
31:56 Iron Casting
31:36 Chain Mail Armor
31:19 Arson
32:07 Elite Eagle Warrior
33:52 Blast Furnace
33:24 Conscription
34:24 Gold Shaft Mining
34:26 Plate Mail Armor
35:24 Garland Wars
37:24 Stone Mining
SweatyPenguin
13:01 Feudal Age
17:45 Castle Age
16:31 Double-Bit Axe
25:14 Husbandry
26:41 Scale Mail Armor
26:48 Scale Barding Armor
26:54 Forging
29:04 Chain Barding Armor
29:57 Loom
31:02 Gold Mining
32:17 Bow Saw
32:51 Iron Casting
35:38 Wheelbarrow
lady_schmady
9:24 Loom
18:07 Feudal Age
27:42 Castle Age
34:32 Wheelbarrow
Nightwraith
3:24 Loom
9:12 Double-Bit Axe
13:29 Feudal Age
14:37 Bow Saw
19:25 Castle Age
18:14 Gold Mining
20:05 Gold Shaft Mining
20:00 Forging
28:13 Scale Barding Armor
29:29 Wheelbarrow
30:35 Iron Casting
33:12 Hand Cart
33:36 Cavalier
35:29 Husbandry
__KINGO__
4:10 Loom
13:44 Feudal Age
18:56 Fletching
25:04 Double-Bit Axe
25:01 Horse Collar
30:03 Castle Age
31:26 Wheelbarrow
30:45 Pikeman
34:39 Scale Mail Armor
Connection lost

Rejoining the realm…

Still unreachable

The connection could not be restored.

Session expired

The server has moved on; the page needs a fresh start.